 Dungeon Crawl Stone Soup version 0.30-a0-1160-g6e42c06551 (webtiles) character file.

Game seed: 10532024307149162863

126 dialectric the Sneak (level 4, 0/23 HPs)
             Began as a Spriggan Brigand on Apr 25, 2023.
             Slain by a goblin
             ... wielding a +0 dagger
             ... led by Robin
              (4 damage)
             ... on level 3 of the Dungeon.
             The game lasted 00:03:03 (1975 turns).

dialectric the Sneak (Spriggan Brigand)             Turns: 1975, Time: 00:03:04

Health: 0/23       AC:  3    Str:  7    XL:     4   Next: 84%
Magic:  5/5        EV: 22    Int: 12    God:
Gold:   117        SH:  0    Dex: 18    Spells: 3/3 levels left

rFire   . . .        o - +0 dagger (venom)
rCold   . . .        (no shield)
rNeg    . . .        b - +0 robe
rPois   .            (helmet restricted)
rElec   .            c - +0 cloak
rCorr   .            (gloves unavailable)
SInv    +            (boots unavailable)
Will    .....        (no amulet)
Stlth   ++++         k - +5 ring of evasion
HPRegen 0.23/turn    (no ring)
MPRegen 0.09/turn

%: no passive effects
@: very quick
A: very small, no large weapons, unfitting armour, see invisible, speed 3
a: no special abilities


You were on level 3 of the Dungeon.
You visited 1 branch of the dungeon, and saw 4 of its levels.

You collected 117 gold pieces.

Inventory:

Hand Weapons
 a - a +2 dagger
 o - a +0 dagger of venom (weapon)
Missiles
 d - 14 poisoned darts (quivered)
 e - 3 curare-tipped darts
Armour
 b - a +0 robe (worn)
 c - a +0 cloak (worn)
Jewellery
 k - a +5 ring of evasion (left hand)
 q - an amulet of guardian spirit
Scrolls
 f - a scroll of amnesia {unknown}
 h - a scroll of noise {unknown}
 i - a scroll of enchant armour {unknown}
 j - a scroll of teleportation {unknown}
 n - a scroll of fog {unknown}
Potions
 g - a potion of brilliance {unknown}
 l - a potion of haste {unknown}
 m - 2 potions of might {unknown}
 p - 3 potions of heal wounds {unknown}
 r - a potion of ambrosia {unknown}
 s - a potion of mutation {unknown}


   Skills:
 + Level 1.7 Fighting
 + Level 3.6 Short Blades
 - Level 2.3 Throwing
 + Level 2.3 Dodging
 + Level 7.7 Stealth


You had 3 spell levels left.
You didn't know any spells.
Your spell library was empty.

Dungeon Overview and Level Annotations

Branches:
Dungeon (4/15)
 Temple: D:4-7

Altars:
Ashenzari
Hepliaklqana
Kikubaaqudgha
Ru

Shops:
D:1 (

Annotations:
D:3 Robin


Innate Abilities, Weirdness & Mutations

You are very small and have problems with some larger weapons.
You are too small for most types of armour.
You have supernaturally acute eyesight. (SInv)
You cover ground extremely quickly. (Speed+++)


Message History

A jelly comes into view.
The goblin hits you but does no damage. The goblin completely misses you.
The goblin misses you.
There is a stone staircase leading up here.
You closely miss the goblin. The goblin barely misses you.
The goblin hits you but does no damage. The goblin misses you.
You barely miss Robin.
Robin points. "Kill!"
Robin throws the goblin at you! The goblin hits you with a +0 dagger.
The goblin hits you but does no damage. The goblin misses you.
The goblin barely misses you.
The endoplasm quivers.
The jelly quivers.
You hit Robin but do no damage. Robin throws the goblin at you!
The goblin completely misses you. The goblin closely misses you.
The goblin misses you. The goblin closely misses you.
The goblin hits you with a +0 dagger.
You hit Robin but do no damage.
Unknown command.
The goblin closely misses you. The goblin barely misses you.
The goblin misses you. The goblin hits you but does no damage.
The goblin completely misses you.
You climb upwards.
There is a stone staircase leading down here.
Unknown command.
Unknown command.
The goblin hits you with a +0 club. The goblin closely misses you.
Robin throws the goblin at you! The goblin closely misses you.
You see here a +0 club.
You hit the goblin but do no damage. The goblin completely misses you.
The goblin hits you but does no damage. Robin misses you.
The goblin misses you. x3
Unknown command.
Robin throws the goblin at you! The goblin barely misses you.
The goblin misses you.
You closely miss the goblin. The goblin misses you.
The goblin hits you with a +0 dagger. x2
You barely miss the goblin. The goblin hits you with a +0 club.
* * * LOW HITPOINT WARNING * * *
The goblin completely misses you. x2; The goblin hits you with a +0 dagger.
You die...

#.##..................#
#.##.........รท........#
......#.....#.........#
#.##..#..###..........#
#.##......##......)...#
..........##....)>....#
.....##...##....g)g...#
.....#######...ggg....#
.....# #.# #####@######
.....# #.# #####g#
###### #.###..)..#
#####.....###.#
#.........# #.#
#.###.###.##### #.# #.#
#...# ####.# #.# #.###
.....# #.# #.#


You could see Robin and 5 goblins.

Vanquished Creatures
  An orc wizard (D:2)
  3 adders (D:2)
  A worm (D:3)
  A dart slug (D:1)
  4 orcs
  2 endoplasms
  3 giant cockroaches
  5 hobgoblins
  3 kobolds
  5 quokkas
  7 ball pythons
  2 bats (D:2)
  5 frilled lizards
  13 goblins
  11 rats
66 creatures vanquished.

Notes
Turn   | Place    | Note
-------+----------+-------------------------------------------
     0 | D:1      | dialectric the Spriggan Brigand began the quest for the
                  | Orb.
     0 | D:1      | Reached XP level 1. HP: 10/10 MP: 2/2
    41 | D:1      | Reached skill level 6 in Stealth
   177 | D:1      | Found Ocihuni's Weapon Emporium.
   223 | D:1      | Reached XP level 2. HP: 14/14 MP: 3/3
   647 | D:2      | Reached XP level 3. HP: 16/18 MP: 4/4
   734 | D:2      | Reached skill level 7 in Stealth
  1018 | D:2      | Found a faded altar of an unknown god.
  1284 | D:2      | Reached XP level 4. HP: 15/22 MP: 5/5
  1465 | D:3      | Found a sacrificial altar of Ru.
  1468 | D:3      | Found a broken altar of Ashenzari.
  1471 | D:3      | Found a hazy altar of Hepliaklqana.
  1474 | D:3      | Found an ancient bone altar of Kikubaaqudgha.
  1942 | D:4      | Noticed Robin
  1975 | D:3      | Slain by a goblin

Illustrated notes

Levels and vault maps discovered:
D:1:      wander_arrival_estate, layout_rooms, serial_shops,
          nicolae_shop_bloodbath_and_beyond
D:2:      layout_loops_ring, ebering_ecumenical_altar_webs
D:3:      layout_basic, grunt_temple_overflow_cloverleaf
D:4:      layout_cave_pools, pdpol_wu_jian_five_deadly_venoms, minivault_14,
          uniq_robin, uniq_pikel

Skill      XL: |  1  2  3 |
---------------+----------+-----
Stealth        | 6 7 |  7.7
Short Blades   | 3 |  3.6
Dodging        | 2 |  2.3
Fighting       | |  1.7
Throwing       | |  2.3

Action                     |  1- 3 |  4- 6 || total
---------------------------+-------+-------++-------
  Melee: Dagger            |   100 |    65 ||   165
         Punch             |     1 |     2 ||     3
  Throw: Dart              |    11 |     7 ||    18
   Stab: Sleeping          |     9 |     7 ||    16
 Armour: Robe              |    11 |    11 ||    22
  Dodge: Dodged            |    72 |    78 ||   150

Table legend: (Time is in decaauts)
 A = Elapsed time spent in this place.
 B = Non-inter-level travel time spent in this place.
 C = Inter-level travel time spent in this place.
 D = Time resting spent in this place.
 E = Time spent auto-exploring this place.
 F = Levels seen in this place.
 G = Mean time per level.
                   A        B        C        D        E       F      G
               +--------+--------+--------+--------+--------+-----+--------+
         Total |   1326 |   1288 |     38 |     20 |    875 |   4 |  331.5 |
       Dungeon |   1326 |   1288 |     38 |     20 |    875 |   4 |  331.5 |
               +--------+--------+--------+--------+--------+-----+--------+

Top non-repeatable levels by time:
     D:2: 550 daAuts
     D:3: 394 daAuts
     D:1: 362 daAuts
     D:4: 19 daAuts
